 Dungeon Crawl Stone Soup version 0.28-a0-1616-g050a50673c (webtiles) character file.

Game seed: 2383232276393779653

99689 Snarg the Spear-Bearer (level 15, -5/129 HPs)
             Began as a Demigod Wanderer on Jan 18, 2022.
             Killed from afar by Aizul (25 damage)
             ... with a bolt of poison
             ... on level 2 of the Shoals on Jan 23, 2022.
             The game lasted 04:18:00 (48764 turns).

Snarg the Spear-Bearer (Demigod Wanderer)          Turns: 48764, Time: 04:18:00

Health: -5/129     AC: 14    Str: 31    XL:     15   Next: 33%
Magic:  24/28      EV: 14    Int: 21    God:
Gold:   497        SH:  7    Dex: 18    Spells: 9/26 levels left

rFire   . . .      SeeInvis .   a - +3 demon trident
rCold   . . .      Faith    .   n - +1 buckler
rNeg    . . .      Spirit   .   r - +0 acid dragon scales
rPois   .          Reflect  .   (no helmet)
rElec   .          Harm     .   c - +0 cloak
rCorr   +          Rampage  .   L - +1 pair of gloves {Stlth+}
Will    ++...                   C - +0 pair of boots
Stlth   ++++......              R - amulet of the acrobat
HPRegen 0.31/turn               Y - ring of willpower
MPRegen 0.21/turn               m - ring of the Prince of Darkness {Str+6 Dex+4}

@: mighty, lethally poisoned (-5 -> -42)
A: high mp 1, forlorn, divine attributes
a: no special abilities


You were on level 2 of the Shoals.
You visited 6 branches of the dungeon, and saw 25 of its levels.
You also visited: Sewer.

You collected 1618 gold pieces.
You spent 1121 gold pieces at shops.

Inventory:

Hand Weapons
 a - a +3 demon trident (weapon)
 b - the +9 staff of Olgreb {rPois∞}
   (You acquired it on level 1 of the Lair of Beasts)

   If the wielder is skilled in Evocations, they can envenom those struck by it,
   dealing poison damage which bypasses armour.
   It enhances your poison magic.
   It grants immunity to poison.
   It can be evoked to radiate toxic energy, with effectiveness depending on
   Evocations skill.
 s - the +4 long sword of Siontat {flame, +Blink rElec rC+ Int-5}
   (You found it on level 4 of the Lair of Beasts)

   It burns those it strikes, dealing additional fire damage.
   Big, fiery blades are also staple armaments of hydra-hunters.
   Int:       It affects your intelligence (-5).
   rC:        It protects you from cold.
   rElec:     It insulates you from electricity.
   +Blink:    It lets you blink.
 S - a +3 war axe of freezing
Missiles
 i - 17 boomerangs
 l - 5 javelins
 p - 38 poisoned darts
 N - 8 curare-tipped darts
 W - 2 throwing nets
Armour
 c - a +0 cloak (worn)
 n - a +1 buckler (worn)
 r - +0 acid dragon scales (worn)
 w - a +0 chain mail of fire resistance
 C - a +0 pair of boots (worn)
 L - a +1 pair of gloves of stealth (worn)
 V - a +4 chain mail of cold resistance
Magical Staves
 O - a staff of fire
Jewellery
 j - a ring of resist corrosion
 m - the ring of the Prince of Darkness (right hand) {Str+6 Dex+4}
   (You found it on level 6 of the Lair of Beasts)

   [ring of strength]

   Str:       It affects your strength (+6).
   Dex:       It affects your dexterity (+4).
 q - a ring of protection from fire
 E - a +4 ring of protection
 M - a ring of see invisible
 R - an amulet of the acrobat (around neck)
 Y - a ring of willpower (left hand)
Wands
 d - a wand of flame (12)
 A - a wand of iceblast (4)
 B - a wand of acid (2)
 J - a wand of charming (4)
 Q - a wand of polymorph (3)
 U - a wand of digging (11)
Scrolls
 f - 3 scrolls of identify
 g - 3 scrolls of fog
 u - 6 scrolls of immolation
 z - 4 scrolls of vulnerability
 G - 6 scrolls of teleportation
 T - 3 scrolls of magic mapping
 Z - 2 scrolls of blinking
Potions
 h - 5 potions of curing
 k - 2 potions of ambrosia
 o - 2 potions of flight
 t - a potion of lignification
 v - 5 potions of brilliance
 x - 2 potions of cancellation
 D - a potion of resistance
 F - 3 potions of magic
 P - a potion of haste
 X - a potion of attraction
Miscellaneous
 e - a tin of tremorstones (1/2)
 I - a lightning rod (4/4)
 K - a box of beasts


   Skills:
 - Level 11.0 Fighting
 - Level 13.8(14.0) Polearms
 - Level 3.0(9.4) Staves
 - Level 1.0 Throwing
 + Level 10.5 Armour
 - Level 5.0 Dodging
 - Level 5.0 Stealth
 - Level 6.0 Shields
 - Level 6.0 Spellcasting
 + Level 6.1 Conjurations
 + Level 5.8 Hexes
 - Level 3.0 Transmutations
 - Level 3.0 Ice Magic
 - Level 5.0 Air Magic
 - Level 5.0 Poison Magic
 - Level 6.0 Evocations


You had 9 spell levels left.
You knew the following spells:

 Your Spells              Type           Power      Damage    Failure   Level
a - Magic Dart            Conj           100%       1d8       1%          1
b - Mephitic Cloud        Conj/Pois/Air  28%        N/A       4%          3
c - Wereblood             Tmut           18%        N/A       6%          2
d - Static Discharge      Conj/Air       29%        N/A       2%          2
e - Ensorcelled Hibernat  Hex/Ice        48%        N/A       3%          2
f - Tukima's Dance        Hex            31%        N/A       3%          3
g - Fulminant Prism       Conj/Hex       15%        3d11      12%         4

Your spell library contained the following spells:

 Spells                   Type           Power      Damage    Failure   Level
 Searing Ray              Conj           64%        2d6       1%          2
 Spider Form              Tmut/Pois      23%        N/A       9%          3
 Passwall                 Tmut/Erth      10%        N/A       12%         2
 Stone Arrow              Conj/Erth      38%        3d9       12%         3
 Summon Guardian Golem    Hex/Summ       18%        N/A       13%         3
 Sandblast                Erth           12%        2d6       14%         1
 Summon Small Mammal      Summ           24%        N/A       14%         1
 Call Imp                 Summ           6%         N/A       22%         2
 Sublimation of Blood     Necr           6%         N/A       22%         2
 Call Canine Familiar     Summ           6%         N/A       38%         3
 Anguish                  Hex/Necr       9%         N/A       38%         4
 Lightning Bolt           Conj/Air       14%        1d28      38%         5
 Silence                  Hex/Air        14%        N/A       38%         5
 Irradiate                Conj/Tmut      12%        3d18      52%         5
 Yara's Violent Unravell  Hex/Tmut       12%        3d7       54%         5
 Petrify                  Tmut/Erth      12%        N/A       58%         4
 Fireball                 Conj/Fire      9%         3d6       75%         5
 Passage of Golubria      Tloc           6%         N/A       80%         4
 Starburst                Conj/Fire      9%         6d5       99%         6
 Enfeeble                 Hex            15%        N/A       100%        7
 Summon Hydra             Summ           3%         N/A       100%        7
 Ignition                 Fire           3%         3d4       100%        8
 Lehudib's Crystal Spear  Conj/Erth      9%         10d4      100%        8
 Maxwell's Capacitive Co  Air            13%        ∞         100%        8
 Chain Lightning          Conj/Air       14%        3d19      100%        9
 Fire Storm               Conj/Fire      9%         8d3       100%        9
 Shatter                  Erth           3%         3d7*      100%        9


Dungeon Overview and Level Annotations

Branches:
Dungeon (13/15)            Temple (1/1) D:6            Lair (6/6) D:11
 Shoals (3/4) Lair:4        Snake (1/4) Lair:4        Slime (0/5) Lair:6
    Orc (1/2) D:9           Sewer (visited)
 Vaults: D:13-14

Shops:
D:11 :   Shoals:1 ?

Portals:
Hell: Lair:6

Annotations:
D:1 clr
D:2 clr
D:3 clr
D:4 clr
D:5 clr
D:6 clr
D:7 clr
D:8 clr
D:9 clr, exclusion: downstairs
D:10 clr
D:12 clrclr
D:13 clr
Lair:1 clr
Lair:2 2 transporters. clr, bronco's ghost, journeyman DsFE
Lair:3 Gastronok
Lair:4 clr, exclusion: downstairs
Lair:5 clr
Lair:6 3 runed translucent doors (slimes), also oklobs, robe of vines, exclusion: 2 oklob plants, Geym's ghost, journeyman MiBe
Shoals:1 clr, exclusion: downstairs
Shoals:2 clr, Aizul
Shoals:3 Ilsuiw
Snake:1 cobras!
Orc:1 big crowd!, Erica


Innate Abilities, Weirdness & Mutations

You have an increased reservoir of magic. (+10% MP)
You shall have no god before yourself.
Your divine heritage dramatically boosts your attributes as you level up.


Message History

Aizul is heavily wounded.
Aizul hits you!
Unknown command.
Unknown command.
Unknown command.
The smell of chlorine vanishes.
a - a +3 demon trident (weapon)
Aizul closely misses you.
You closely miss Aizul.
Aizul is heavily wounded.
Aizul hits you!!
Unknown command.
You feel very mighty all of a sudden. Aizul hits you but does no damage.
Aizul hits you!
You completely miss Aizul.
Aizul is heavily wounded.
You block Aizul's attack.
You impale Aizul!!
Aizul is severely wounded.
Aizul completely misses you.
You barely miss Aizul.
Aizul is severely wounded.
You impale Aizul!!
Aizul is almost dead.
Aizul barely misses you.
You barely miss Aizul.
Aizul is almost dead.
Aizul coils herself and waves her upper body at you.
The poison arrow hits you!!!
You are poisoned.
* * * LOW HITPOINT WARNING * * *
Unknown command.
Unknown command.
Unknown command.
You feel much better.
You feel very sick.
Aizul coils herself and waves her upper body at you.
The bolt of poison hits you!!
You are lethally poisoned!
You die...

# #..≈≈≈÷.##..≈≈≈≈≈≈≈≈≈≈.......≈.
###....##......≈≈≈≈≈≈≈≈≈≈≈≈...≈≈.
.##....###.....≈≈≈≈≈≈≈≈≈≈≈....≈.≈
.......##..≈≈..≈≈≈≈≈≈≈≈≈≈≈≈..≈≈≈≈
......###.....≈≈≈≈≈≈≈≈≈≈≈≈≈≈≈≈≈≈≈
≈.....##.......≈≈≈≈≈≈≈≈≈≈≈≈≈≈≈≈≈≈
≈≈...####...##..≈≈≈≈≈≈≈≈≈≈≈≈≈≈≈≈≈
≈≈...####........≈≈≈≈≈≈≈≈≈≈≈≈≈≈≈≈
≈≈≈...##...≈≈.≈.@S≈≈≈≈≈≈≈≈≈≈≈≈≈≈≈
≈≈≈..............≈≈≈≈≈≈≈≈≈≈≈≈≈≈≈≈
≈≈≈......###...)≈≈≈≈≈≈≈≈≈≈≈≈≈≈≈≈≈
≈≈≈≈......#.....≈≈≈≈≈≈≈≈≈≈≈≈≈≈≈
..≈≈≈......###^.≈≈≈≈≈≈≈≈≈≈≈≈≈≈≈≈
..≈≈≈≈≈....# #...≈....≈≈≈≈≈≈≈≈≈≈
....≈≈≈....###........≈≈≈≈≈≈≈≈≈≈
###..≈≈....<#..........≈≈≈≈≈≈≈≈≈
.##.≈≈...##...≈....##...≈≈≈≈≈≈≈≈


You could see Aizul (very poisoned).

Vanquished Creatures
  Polyphemus (Shoals:2)
  Snorg (Lair:5)
  4 merfolk impalers
  Josephine (D:11)
  A rakshasa (D:13)
  12 hydras
  A merfolk avatar (Shoals:1)
  5 boulder beetles
  2 alligator snapping turtles (Shoals:1)
  7 death yaks
  A catoblepas (Shoals:1)
  A tengu warrior (D:12)
  6 two-headed ogres
  Urug (Lair:3)
  A sixfirhy (Lair:6)
  A sea snake (Shoals:1)
  3 goliath frogs (Shoals:1)
  A wizard (Lair:6)
  20 harpies
  3 deep elf pyromancers
  A deep elf zephyrmancer (D:9)
  A mana viper (Lair:4)
  9 manticores
  An ugly thing (D:11)
  3 cyclopes
  4 fauns (Shoals:1)
  2 water nymphs
  2 merfolk sirens
  Joseph (D:8)
  9 elephants
  15 black mambas
  4 gargoyles
  An orange demon (Lair:6)
  A smoke demon (Lair:6)
  Maggie (D:8)
  5 cane toads
  An unseen horror (D:10)
  7 rime drakes
  10 komodo dragons
  3 kobold demonologists
  2 ice devils (Lair:6)
  A polar bear (Lair:4)
  A troll (D:11)
  2 red devils (Lair:6)
  5 merfolk (Shoals:1)
  A wind drake (Shoals:1)
  A hornet (D:11)
  11 blink frogs
  5 snapping turtles
  A meliai zombie (D:10)
  13 dream sheep
  A water elemental (Shoals:1)
  2 vampires
  9 wraiths
  2 shadows
  4 wyverns
  68 yaks
  6 basilisks
  3 steam dragons
  12 vampire mosquitoes
  Edmund (D:5)
  20 water moccasins
  3 acid dragons
  5 hell hounds (Lair:6)
  3 ice beasts
  2 black bears
  7 orc warriors
  2 sky beasts
  A necrophage (D:5)
  A boggart (D:4)
  12 wolves
  An ogre (D:7)
  A phantom (D:7)
  6 kobold brigands
  A gnoll sergeant (D:6)
  A wyvern zombie (D:8)
  13 bullfrogs
  3 scorpions (D:11)
  A water moccasin zombie (D:6)
  Dowan (D:4)
  10 wights
  A killer bee (D:11)
  6 howler monkeys
  5 electric eels
  6 centaur zombies
  A hound (D:6)
  A lava snake (Lair:6)
  A jelly (D:6)
  Crazy Yiuf (D:7)
  4 centaur skeletons
  10 orc priests
  2 iguanas
  20 orc wizards
  Natasha (thrice) (D:2)
  A hell rat (Lair:6)
  A killer bee zombie (D:6)
  A mummy (D:4)
  4 howler monkey zombies
  11 gnolls
  5 adders
  A shadow imp (D:6)
  5 worms
  2 dart slugs
  35 orcs
  7 ball pythons
  18 bats
  9 endoplasms
  9 giant cockroaches
  14 goblins
  4 hobgoblins
  5 jackals
  2 quokkas
  A frilled lizard (D:2)
  3 hobgoblin zombies (D:4)
  26 kobolds
  A kobold zombie (D:4)
  9 rats
  A butterfly (Lair:4)
635 creatures vanquished.

Vanquished Creatures (collateral kills)
  A harpy (Shoals:1)
  A merfolk (Shoals:1)
2 creatures vanquished.

Vanquished Creatures (others)
  A black mamba (Lair:4)
  A fulminant prism (Shoals:2)
  63 fungi
  219 plants
284 creatures vanquished.

Grand Total: 921 creatures vanquished

Notes
Turn   | Place    | Note
-------+----------+-------------------------------------------
     0 | D:1      | Snarg the Demigod Wanderer began the quest for the Orb.
     0 | D:1      | Snarg set off with the following items: a +0 spear, a
                  | lightning rod (4/4), a +0 cloak, a +0 robe
     0 | D:1      | Reached XP level 1. HP: 14/14 MP: 3/3
   252 | D:1      | Reached XP level 2. HP: 20/22 MP: 4/4
   379 | D:1      | Reached skill level 3 in Polearms
   921 | D:1      | Reached XP level 3. HP: 27/27 MP: 5/5
   984 | D:1      | Learned a level 2 spell: Static Discharge
  1615 | D:2      | Reached XP level 4. HP: 19/34 MP: 7/7
  1803 | D:2      | Reached skill level 1 in Fighting
  2501 | D:2      | Noticed Natasha
  2515 | D:2      | Killed Natasha
  2619 | D:2      | Noticed Natasha
  2629 | D:2      | Killed Natasha
  2630 | D:2      | Reached skill level 1 in Throwing
  2630 | D:2      | Reached skill level 1 in Conjurations
  2630 | D:2      | Reached XP level 5. HP: 17/40 MP: 7/9
  3027 | D:2      | Noticed Natasha
  3054 | D:2      | Killed Natasha
  3055 | D:2      | Reached skill level 1 in Spellcasting
  3055 | D:2      | Reached skill level 1 in Air Magic
  4041 | D:3      | Reached skill level 4 in Polearms
  4416 | D:4      | Noticed Dowan
  5053 | D:4      | Reached XP level 6. HP: 48/48 MP: 11/11
  5620 | D:5      | Entered Level 5 of the Dungeon
  5786 | D:5      | Found a glowing drain.
  5802 | Sewer    | Entered a sewer
  5841 | Sewer    | Noticed a water moccasin
  5863 | Sewer    | Killed a water moccasin
  5864 | Sewer    | Reached skill level 1 in Shields
  6115 | D:5      | Reached XP level 7. HP: 48/55 MP: 13/13
  6654 | D:5      | Reached skill level 5 in Polearms
  7071 | D:5      | Noticed Edmund
  7073 | D:5      | Killed Edmund
  7191 | D:5      | Noticed a wraith
  7462 | D:6      | Reached XP level 8. HP: 25/62 MP: 1/14
  7689 | D:5      | Reached skill level 6 in Polearms
  9211 | D:6      | Found a staircase to the Ecumenical Temple.
  9231 | D:6      | Reached skill level 7 in Polearms
  9445 | Temple   | Entered the Ecumenical Temple
 10209 | D:7      | Reached XP level 9. HP: 54/70 MP: 15/15
 11393 | D:7      | Found a runed translucent door.
 11394 | D:7      | Noticed Crazy Yiuf
 11612 | D:7      | Killed Crazy Yiuf
 11613 | D:7      | Reached skill level 8 in Polearms
 11857 | D:8      | Noticed Maggie
 11858 | D:8      | Upgraded the game from 0.28-a0-1555-g9ae15a6949 to
                  | 0.28-a0-1567-g1695149f81
 11928 | D:8      | Noticed Joseph
 12054 | D:8      | Killed Joseph
 12055 | D:8      | Reached skill level 5 in Shields
 12732 | D:8      | Noticed a two-headed ogre
 12757 | D:8      | Killed a two-headed ogre
 12758 | D:8      | Reached XP level 10. HP: 50/80 MP: 17/17
 12984 | D:8      | Killed Maggie
 12985 | D:8      | Reached skill level 9 in Polearms
 13333 | D:7      | Reached skill level 5 in Fighting
 13547 | D:8      | You fall into a shaft and drop 3 floors!
 13547 | D:11     | Noticed a manticore
 13553 | D:11     | Killed a manticore
 13769 | D:11     | Noticed a four-headed hydra
 13769 | D:11     | Noticed a red ugly thing
 13798 | D:11     | Killed a four-headed hydra
 13799 | D:11     | Reached skill level 5 in Stealth
 14031 | D:11     | Noticed a two-headed ogre
 14050 | D:11     | Killed a two-headed ogre
 14051 | D:11     | Reached skill level 10 in Polearms
 14067 | D:11     | Noticed an eight-headed hydra
 14102 | D:10     | Entered Level 10 of the Dungeon
 14106 | D:11     | Noticed a two-headed ogre
 14122 | D:11     | Killed a two-headed ogre
 14129 | D:11     | Killed a red ugly thing
 14130 | D:11     | Reached XP level 11. HP: 84/89 MP: 19/19
 14137 | D:11     | Noticed a boulder beetle
 14247 | D:11     | Killed a boulder beetle
 14565 | D:9      | Noticed a two-headed ogre
 14581 | D:10     | Killed a two-headed ogre
 14582 | D:10     | Reached skill level 11 in Polearms
 14582 | D:10     | Reached skill level 5 in Armour
 16369 | D:9      | Found a staircase to the Orcish Mines.
 16889 | D:9      | Noticed a deep elf zephyrmancer
 16902 | D:9      | Killed a deep elf zephyrmancer
 17620 | D:4      | Noticed Duvessa
 17622 | D:4      | Killed Dowan
 17625 | D:4      | Noticed Duvessa
 17625 | D:4      | Duvessa changed into Duvessa the boggart
 17630 | D:4      | Killed Duvessa the boggart
 17924 | D:10     | Learned a level 2 spell: Ensorcelled Hibernation
 18552 | D:10     | Reached skill level 1 in Hexes
 18552 | D:10     | Reached skill level 1 in Ice Magic
 18994 | D:10     | Reached skill level 12 in Polearms
 19746 | D:11     | Found Hamis's Book Shop.
 19754 | D:11     | Noticed a two-headed ogre
 19794 | D:11     | Killed a two-headed ogre
 20481 | D:10     | Reached XP level 12. HP: 61/100 MP: 16/21
 20861 | D:11     | Killed an eight-headed hydra
 21414 | D:11     | Noticed Josephine
 21483 | D:11     | Killed Josephine
 22154 | D:11     | Found a staircase to the Lair.
 22416 | Lair:1   | Entered Level 1 of the Lair of Beasts
 22639 | Lair:1   | Identified the +1 robe of Darkness {rC- Str+7 Int+6}
 22891 | Lair:1   | Identified a scroll of acquirement
 23130 | Lair:1   | Learned a level 2 spell: Wereblood
 23643 | Lair:1   | Noticed a five-headed hydra
 23661 | Lair:1   | Killed a five-headed hydra
 23662 | Lair:1   | Reached skill level 1 in Transmutations
 24271 | Lair:2   | Noticed a five-headed hydra
 24289 | Lair:2   | Killed a five-headed hydra
 24290 | Lair:2   | Reached skill level 5 in Evocations
 24781 | Lair:2   | Noticed a four-headed hydra
 24791 | Lair:2   | Found a transporter.
 24791 | Lair:2   | Noticed bronco's ghost (journeyman DsFE)
 24805 | Lair:2   | Found a transporter.
 25370 | Lair:2   | Upgraded the game from 0.28-a0-1567-g1695149f81 to
                  | 0.28-a0-1594-ga885d4b3d6
 25370 | Lair:2   | Acquired the +9 staff of Olgreb {rPois∞}
 25370 | Lair:2   | Found the +9 staff of Olgreb {rPois∞}
 26011 | Lair:3   | Noticed a boulder beetle
 26026 | Lair:3   | Killed a boulder beetle
 26270 | Lair:3   | Noticed an eight-headed hydra
 26275 | Lair:3   | Killed an eight-headed hydra
 26324 | Lair:3   | Noticed Gastronok
 26401 | Lair:3   | Noticed Urug
 26552 | Lair:3   | Learned a level 3 spell: Tukima's Dance
 26912 | Lair:3   | Killed Urug
 27506 | Lair:4   | Reached skill level 5 in Spellcasting
 27554 | Lair:4   | Reached skill level 5 in Conjurations
 28104 | Lair:4   | Reached XP level 13. HP: 107/107 MP: 24/24
 28166 | Lair:4   | Identified the +4 long sword of Siontat {flame, +Blink
                  | rElec rC+ Int-5}
 28234 | Lair:4   | Found a staircase to the Snake Pit.
 28248 | Lair:4   | Reached skill level 1 in Staves
 28255 | Lair:4   | Reached skill level 13 in Polearms
 28399 | Lair:4   | Learned a level 1 spell: Magic Dart
 28403 | Lair:4   | Learned a level 3 spell: Mephitic Cloud
 28451 | Lair:4   | Found a staircase to the Shoals.
 28529 | Lair:4   | Reached skill level 1 in Poison Magic
 30359 | Lair:5   | Reached skill level 5 in Air Magic
 30680 | Lair:5   | Noticed Snorg
 30703 | Lair:5   | Killed Snorg
 31087 | Lair:6   | Entered Level 6 of the Lair of Beasts
 32581 | Lair:6   | Found a runed translucent gate.
 32581 | Lair:6   | Found a runed translucent gate.
 32581 | Lair:6   | Found a runed translucent gate.
 32938 | Lair:5   | Reached skill level 5 in Poison Magic
 33639 | Lair:6   | Noticed an acid blob
 34438 | Lair:6   | Noticed an azure jelly
 34439 | Lair:6   | Noticed an azure jelly
 34439 | Lair:6   | Noticed Geym's ghost (journeyman MiBe)
 34512 | Lair:6   | Reached XP level 14. HP: 114/114 MP: 18/25
 34528 | Lair:6   | Found a staircase to the Slime Pits.
 34759 | Lair:6   | Noticed an azure jelly
 34760 | Lair:6   | Noticed an azure jelly
 34760 | Lair:6   | Noticed an azure jelly
 34760 | Lair:6   | Noticed an azure jelly
 34760 | Lair:6   | Noticed an acid blob
 34768 | Lair:6   | Noticed an azure jelly
 35361 | Lair:6   | Found the +1 robe of Vines {NoPotionHeal Regen++++}
 36060 | Lair:6   | Found a gateway to Hell.
 36067 | Lair:6   | Identified the ring of the Prince of Darkness {Str+6 Dex+4}
 36421 | Shoals:1 | Entered Level 1 of the Shoals
 37433 | Orc:1    | Entered Level 1 of the Orcish Mines
 37433 | Orc:1    | Noticed Erica
 37698 | Snake:1  | Entered Level 1 of the Snake Pit
 37848 | Lair:4   | HP: 6/177 [black mamba (12)]
 37858 | Lair:4   | Reached skill level 10 in Armour
 38827 | D:12     | Upgraded the game from 0.28-a0-1594-ga885d4b3d6 to
                  | 0.28-a0-1613-gdaab1c2f9b
 39164 | D:12     | Reached skill level 10 in Fighting
 44617 | Shoals:1 | Found Eshupseo's Magic Scroll Shop.
 44655 | Shoals:1 | Bought a scroll of blinking for 127 gold pieces
 44655 | Shoals:1 | Bought a scroll of teleportation for 51 gold pieces
 44655 | Shoals:1 | Bought a scroll of acquirement for 884 gold pieces
 44655 | Shoals:1 | Bought a scroll of fear for 59 gold pieces
 45306 | Shoals:1 | Reached skill level 5 in Hexes
 45493 | Shoals:1 | Reached XP level 15. HP: 128/128 MP: 24/26
 46678 | Shoals:1 | Upgraded the game from 0.28-a0-1613-gdaab1c2f9b to
                  | 0.28-a0-1616-g050a50673c
 47028 | Shoals:2 | Noticed Polyphemus
 47832 | Shoals:2 | Learned a level 4 spell: Fulminant Prism
 48242 | Shoals:2 | Killed Polyphemus
 48398 | Shoals:2 | Reached skill level 5 in Dodging
 48738 | Shoals:3 | Noticed Aizul
 48748 | Shoals:3 | Noticed Ilsuiw
 48763 | Shoals:2 | HP: 6/129 [Aizul/poison arrow (44)]
 48764 | Shoals:2 | Killed from afar by Aizul

Illustrated notes

Levels and vault maps discovered:
D:1:      evilmike_arrival_hilbert_curve, layout_rooms, chequers_garden
D:2:      minmay_chambers_of_ones, layout_loops_ring,
          hellmonk_ecumenical_altar_slurped_away, minmay_cupped, uniq_natasha
D:3:      layout_basic, st_stairs_3
D:4:      layout_gridville, hangedman_decor_points, minmay_mini_ossuary,
          uniq_duvessa
D:5:      layout_basic, mainiacjoe_overflow_boulevard, gup_sewer_entry_bubbles,
          minmay_misc_feat_five, nrook_mini_backslash, minivault_25, uniq_edmund
D:6:      layout_cave_pools, minmay_temple_entry_junction,
          minmay_a_box_with_orc_wizards_in_it
D:7:      layout_loops_ring, enter_bailey_7, uniq_crazy_yiuf_cottage
D:8:      layout_rooms, minmay_checkerbox, uniq_joseph, uniq_maggie
D:9:      layout_cave_pods, orc_0_dummy, chequers_serial_rivers_room_a,
          st_stairs_3, serial_bayou_lagoon_a, guppyfry_early_elven_hall
D:10:     layout_cave_pods, minivault_26
D:11:     minmay_evil_eye, layout_basic, grunt_lair_entry_orc_guard_hut,
          serial_shops, shop, nicolae_zen_rock_garden, minmay_pinched_square,
          uniq_josephine
D:12:     layout_basic, hangedman_feature_mirror
D:13:     layout_roguey, nicolae_ru_sacrificial_ziggurat
Temple:   mainiacjoe_temple_archimedes_tessellation
Lair:1:   layout_cave_pods
Lair:2:   layout_regular_city, gammafunk_ghost_arena
Lair:3:   layout_cave_pods, serial_bayou, serial_bayou_lake_a,
          serial_bayou_shore_b, serial_bayou_shore_b, serial_bayou_pond_c,
          serial_bayou_lagoon_b, serial_bayou_crossing, uniq_urug,
          uniq_gastronok
Lair:4:   layout_loops_ring, minmay_shoals_entry_lonely_mermaid,
          minmay_snake_entry_six_corridors, lemuel_fruit_fields,
          infiniplex_staircase_pool_2
Lair:5:   layout_regular_city, uniq_snorg
Lair:6:   evil_forest, layout_gridlike, dpeg_slime_entry_corner,
          gauntlet_entry_generic, gammafunk_ghost_ooze,
          hellmonk_guarded_unrand_vines
Shoals:1: layout_shoals, serial_shops, nicolae_diamond_shop,
          nicolae_shoals_goliath_grotto
Shoals:2: layout_shoals, uniq_polyphemus
Shoals:3: layout_shoals, uniq_ilsuiw, uniq_aizul
Snake:1:  layout_rooms
Orc:1:    layout_caves, mines2_david, uniq_erica

Skill      XL: |  1  2  3  4  5  6  7  8  9 10 11 12 13 14 15 |
---------------+----------------------------------------------+-----
Evocations     | 4 5 6 |  6.0
Polearms       | 3 4 5 7 8 10 12 13 | 13.8
Fighting       | 1 2 3 4 5 7 10 11 | 11.0
Throwing       | 1 |  1.0
Conjurations   | 1 2 3 4 5 6 |  6.1
Spellcasting   | 1 2 3 4 5 6 |  6.0
Air Magic      | 1 2 3 5 |  5.0
Shields        | 1 2 3 5 6 |  6.0
Dodging        | 2 3 5 |  5.0
Stealth        | 2 3 5 |  5.0
Armour         | 3 4 5 7 8 10 | 10.5
Hexes          | 2 4 5 |  5.8
Ice Magic      | 2 3 |  3.0
Transmutations | 3 |  3.0
Staves         | 3 |  3.0
Poison Magic   | 5 |  5.0

Action                   |  1- 3 |  4- 6 |  7- 9 | 10-12 | 13-15 || total
-------------------------+-------+-------+-------+-------+-------++-------
Melee: Spear             |   181 |   349 |   470 |   127 |       ||  1127
       Punch             |     3 |       |       |       |       ||     3
       Trident           |       |       |    65 |   767 |       ||   832
       Dagger            |       |       |       |     1 |       ||     1
       Staff             |       |       |       |    59 |   412 ||   471
       Demon trident     |       |       |       |    15 |   894 ||   909
       Long sword        |       |       |       |       |    16 ||    16
Throw: Stone             |    25 |    95 |    56 |    98 |     5 ||   279
       Boomerang         |       |     2 |       |     6 |       ||     8
       Throwing net      |       |       |     1 |       |     2 ||     3
       Dart              |       |       |    10 |    34 |    20 ||    64
       Javelin           |       |       |       |       |     2 ||     2
 Cast: Static Discharge  |       |       |    62 |    46 |     2 ||   110
       Ensorcelled Hiber |       |       |       |    12 |    38 ||    50
       Wereblood         |       |       |       |     4 |    23 ||    27
       Magic Dart        |       |       |       |       |   229 ||   229
       Mephitic Cloud    |       |       |       |       |   155 ||   155
       Tukima's Dance    |       |       |       |       |    16 ||    16
       Fulminant Prism   |       |       |       |       |     1 ||     1
 Abil: Evoke Blink       |       |       |       |       |     4 ||     4
Evoke: Wand              |       |       |     4 |    29 |    17 ||    50
       Lightning rod     |       |       |     6 |    12 |    15 ||    33
       Tin of tremorston |       |       |       |     2 |     3 ||     5
       Box of beasts     |       |       |       |       |     1 ||     1
  Use: Scroll            |       |     8 |     4 |    11 |     7 ||    30
       Potion            |       |     1 |     3 |     8 |    10 ||    22
 Stab: Sleeping          |     3 |     5 |     5 |     8 |    31 ||    52
       Distracted        |       |       |     1 |     1 |       ||     2
       Confused          |       |       |       |       |   106 ||   106
       Held in net/web   |       |       |       |       |     4 ||     4
Armor: Robe              |    28 |    27 |       |       |       ||    55
       Leather armour    |       |    27 |   113 |     2 |       ||   142
       Steam dragon scal |       |       |       |   110 |       ||   110
       Acid dragon scale |       |       |       |    46 |   338 ||   384
       Skin              |       |       |       |       |    11 ||    11
Dodge: Dodged            |    94 |   119 |   246 |   519 |   543 ||  1521
Block: Buckler           |       |    23 |   100 |   230 |   275 ||   628

Table legend: (Time is in decaauts)
 A = Elapsed time spent in this place.
 B = Non-inter-level travel time spent in this place.
 C = Inter-level travel time spent in this place.
 D = Time resting spent in this place.
 E = Time spent auto-exploring this place.
 F = Levels seen in this place.
 G = Mean time per level.
                   A        B        C        D        E       F      G
               +--------+--------+--------+--------+--------+-----+--------+
         Total |  48378 |  41952 |   6426 |  16275 |  16489 |  26 | 1860.7 |
       Dungeon |  25351 |  23085 |   2266 |   7947 |   9982 |  13 | 1950.1 |
        Temple |    216 |    201 |     15 |      0 |    183 |   1 |  216.0 |
          Lair |  17426 |  13987 |   3439 |   6027 |   5228 |   6 | 2904.3 |
        Shoals |   5166 |   4463 |    703 |   2224 |   1073 |   3 | 1722.0 |
     Snake Pit |     11 |     11 |      0 |      0 |      0 |   1 |   11.0 |
  Orcish Mines |      4 |      4 |      0 |      0 |      0 |   1 |    4.0 |
         Sewer |    200 |    200 |      0 |     76 |     22 |   1 |  200.0 |
               +--------+--------+--------+--------+--------+-----+--------+

Top non-repeatable levels by time:
  Lair:4: 4514 daAuts
Shoals:1: 3791 daAuts
  Lair:5: 3782 daAuts
    D:11: 3464 daAuts
    D:10: 2724 daAuts
     D:9: 2681 daAuts
  Lair:3: 2659 daAuts
  Lair:1: 2454 daAuts
  Lair:6: 2407 daAuts
     D:7: 2382 daAuts
     D:5: 2302 daAuts
     D:2: 2293 daAuts
    D:12: 1650 daAuts
  Lair:2: 1607 daAuts
     D:6: 1603 daAuts
